 Dungeon Crawl Stone Soup version 0.23.2-40-g277498a001 (webtiles) character file.

Game seed: 10826892928620072438

14 DildoBatman the Magician (level 2, 0/19 HPs)
             Began as a Formicid Wizard on Sept 10, 2019.
             Slain by a worm (9 damage)
             ... on level 1 of the Dungeon.
             The game lasted 00:02:04 (972 turns).

DildoBatman the Magician (Formicid Wizard)           Turns: 972, Time: 00:02:05

Health: 0/19       AC:  2    Str: 11    XL:     2   Next: 55%
Magic:  1/6        EV: 12    Int: 17    God:
Gold:   52         SH:  0    Dex:  9    Spells: 6/7 levels left

rFire    . . .     SeeInvis +   m - +0 club
rCold    . . .     Gourm    .   (no shield)
rNeg     . . .     Faith    .   a - +0 robe
rPois    .         Spirit   .   (helmet unavailable)
rElec    .         Reflect  .   j - scarf {repulsion}
rCorr    .         Harm     .   (no gloves)
MR       .....                  (no boots)
Stlth    ++........             (no amulet)
HPRegen  0.06/turn              (no ring)
MPRegen  0.10/turn              (no ring)

@: very slightly contaminated, repel missiles
A: permanent stasis, dig shafts and tunnels, four strong arms, antennae 3
a: Dig, Shaft Self


You were on level 1 of the Dungeon.
You were not hungry.

You visited 1 branch of the dungeon, and saw 2 of its levels.

You collected 52 gold pieces.

Inventory:

Hand Weapons
 m - a +0 club (weapon)
Missiles
 d - 18 poisoned needles
 h - 17 arrows
 n - 13 stones (quivered)
Armour
 a - a +0 robe (worn)
 j - a scarf of repulsion (worn)
Scrolls
 c - a scroll of fear {unknown}
 g - a scroll of identify {unknown}
 i - a scroll of enchant armour {unknown}
 k - a scroll of fog {unknown}
Potions
 b - a potion of heal wounds {unknown}
 e - a potion of curing {unknown}
 f - a potion of agility {unknown}
 o - a potion of ambrosia {unknown}
Comestibles
 v - 5 rations


   Skills:
 - Level 1.7 Dodging
 - Level 2.4 Stealth
 - Level 3.2 Spellcasting
 * Level 2.1 Conjurations
   Level 1.0 Summonings
   Level 0.8 Translocations


You had 6 spell levels left.
You knew the following spells:

 Your Spells              Type           Power        Failure   Level  Hunger
c - Magic Dart            Conj           ##..         7%          1    None

Your spell library contained the following spells:

 Spells                   Type           Power        Failure   Level  Hunger
 Call Imp                 Summ           #.......     17%         2    ##.....
 Slow                     Hex            #.......     26%         2    ##.....
 Conjure Flame            Conj/Fire      #.......     32%         3    ###....
 Mephitic Cloud           Conj/Pois/Air  #.......     36%         3    ###....
 Blink                    Tloc           Unusable     N/A         2    N/A

Dungeon Overview and Level Annotations

Branches:
Dungeon (2/15)

Altars:


Innate Abilities, Weirdness & Mutations

You cannot be hasted, slowed, berserked, paralysed or teleported.
You can dig through walls and to a lower floor.
Your four strong arms can wield two-handed weapons with a shield.
You have a pair of large antennae on your head. (SInv)


Message History

The stone hits the worm.
The worm is almost dead.
Throwing (i - inventory)
n - 15 stones (quivered)
Press: ? - help, Shift-Dir - straight line, f/p - worm
Aim: a worm (severely wounded)
You throw a stone. The stone barely misses the worm.
Throwing (i - inventory)
n - 14 stones (quivered)
Press: ? - help, Shift-Dir - straight line, f/p - worm
Aim: a worm (severely wounded)
You throw a stone.
The stone hits the worm but does no damage.
The worm is severely wounded.
You hit the worm but do no damage.
The worm is severely wounded.
The worm barely misses you.
You completely miss the worm.
The worm is severely wounded.
The worm bites you!
You die...

.##.............##...#...##......
.##.###........###...#...##......
......#........###.......##......
.#...................#.#.##......
....#+###'##########.#..###......
.......##.# ### #....w.'......
.......##.######.# #......#......
###....'..##.....# #....#.#......
####...#####.###@# #..>.#.#......
...##### #.# #w# #.#.#.........
##.# #####.# #.# #.#.#..##.....
#.# #.....# #(# #.....###..###
#.#####.##### #.# ###.#.###..#
#.......# #.# #.####...#
#######.# ###.#####.#......# #.#
#..(..{..........# #.#
#########w.......#


You could see a worm.

Vanquished Creatures
  A dart slug (D:1)
  4 bats (D:1)
  2 goblins (D:1)
  3 frilled lizards
  2 rats (D:1)
12 creatures vanquished.

Notes
Turn   | Place    | Note
-------+----------+-------------------------------------------
     0 | D:1      | DildoBatman the Formicid Wizard began the quest for the
                  | Orb.
     0 | D:1      | Reached XP level 1. HP: 13/13 MP: 4/4
    51 | D:1      | Reached skill level 1 in Conjurations
   380 | D:1      | Reached XP level 2. HP: 19/19 MP: 0/6
   972 | D:1      | Slain by a worm

Skill      XL: |  1  2 |
---------------+-------+-----
Conjurations   | 1 2 |  2.1
Dodging        | |  1.7
Stealth        | |  2.4
Spellcasting   | |  3.2
Summonings     | |  1.0
Translocations | |  0.8

Action                   || total
-------------------------++-------
Melee: Unarmed           ||     3
       Club              ||     6
Throw: Stone             ||     4
 Cast: Magic Dart        ||    34
Armor: Robe              ||     3
Dodge: Dodged            ||     6
